 Dungeon Crawl Stone Soup version 0.32-a0-834-geaf45d8e21 (webtiles) character file.

Game seed: 4372284276527175451

3301 senseless the Magician (level 9, 0/74 HPs)
             Began as a Purple Draconian Alchemist on Mar 25, 2024.
             Was a Believer of Fedhas.
             Killed from afar by an electric eel (15 damage)
             ... with a bolt of electricity
             ... on level 8 of the Dungeon on Mar 26, 2024.
             The game lasted 00:27:13 (6709 turns).

senseless the Magician (Purple Draconian Alchemist) Turns: 6709, Time: 00:27:15

Health: 0/74       AC: 10    Str: 10    XL:     9   Next: 70%
Magic:  13/18      EV: 13    Int: 25    God:    Fedhas [**....]
Gold:   181        SH:  0    Dex: 13    Spells: 9/21 levels left

rFire   . . .        j - +7 Throatcutter {drain, coup de grace}
rCold   . . .        (no shield)
rNeg    . . .        (body armour unavailable)
rPois   .            (helmet restricted)
rElec   .            o - +1 cloak {Stlth+}
rCorr   .            d - +0 pair of gloves
SInv    .            (no boots)
Will    +....        (no amulet)
Stlth   +++          u - +6 ring of intelligence
HPRegen 0.32/turn    (no ring)
MPRegen 0.16/turn

%: no passive effects
@: no status effects
A: nullifying breath, AC +7, unfitting armour, cold-blooded
a: Nullifying Breath, Renounce Religion, Wall of Briars


You were on level 8 of the Dungeon.
You worshipped Fedhas.
Fedhas was pleased with you.
You visited 2 branches of the dungeon, and saw 9 of its levels.

You collected 229 gold pieces.
You spent 48 gold pieces at shops.

Inventory:

Hand Weapons
 c - a +0 spear
 h - a +0 long sword
 j - the +7 Throatcutter (weapon) {drain, coup de grace}
   (You took it off Terence on level 2 of the Dungeon)
 m - a +0 dagger of venom
 p - a +2 quarterstaff of chaos
 r - a +3 short sword
 B - the +7 spear of Eternal War {drain, *Rage Will+ Str+4}
   (You found it on level 7 of the Dungeon)

   Str+4:     It affects your strength (+4).
   Will+:     It increases your willpower.
   *Rage:     It berserks you when you make melee attacks (+20% chance).
Missiles
 b - 7 poisoned darts
Armour
 d - a +0 pair of gloves (worn)
 o - a +1 cloak of stealth (worn)
Jewellery
 u - a +6 ring of intelligence (left hand)
Wands
 i - a wand of flame (23)
 l - a wand of polymorph (6)
 t - a wand of mindburst (10)
 y - a wand of paralysis (11)
Scrolls
 e - 3 scrolls of amnesia
 n - 3 scrolls of teleportation
 q - 3 scrolls of poison
 z - a scroll of revelation
 A - a scroll of enchant weapon {unknown}
Potions
 a - a potion of magic
 f - a potion of cancellation
 g - 2 potions of haste
 k - a potion of enlightenment
 s - 2 potions of curing
 v - a potion of brilliance {unknown}
 w - a potion of berserk rage {unknown}
 x - 3 potions of lignification
 C - a potion of might {unknown}
 D - a potion of heal wounds {unknown}


   Skills:
 + Level 5.6 Fighting
 + Level 5.1 Long Blades
 + Level 5.4 Dodging
 - Level 2.4 Stealth
 + Level 6.6 Spellcasting
 + Level 3.0 Conjurations
 + Level 4.9 Air Magic
 + Level 6.3 Alchemy


You had 9 spell levels left.
You knew the following spells:

 Your Spells              Type           Power      Damage    Failure   Level
a - Sting                 Conj/Alch      100%       1d9       1%          1
b - Mercury Vapours       Alch/Air       72%        N/A       1%          2
c - Olgreb's Toxic Radia  Alch           39%        N/A       5%          4
d - Irradiate             Conj/Alch      15%        3d16      28%         5

Your spell library contained the following spells:

 Spells                   Type           Power      Damage    Failure   Level
 Kiss of Death            Conj/Necr      60%        2d10      3%          1
 Mephitic Cloud           Conj/Alch/Air  32%        N/A       3%          3
 Apportation              Tloc           16%        N/A       7%          1
 Necrotise                Necr           32%        1d5       7%          1
 Summon Small Mammal      Summ           32%        N/A       7%          1
 Sublimation of Blood     Necr           8%         N/A       11%         2
 Fulminant Prism          Conj/Alch      15%        3d10      11%         4
 Petrify                  Alch/Erth      24%        N/A       19%         4
 Sticky Flame             Fire/Alch      24%        2d6       19%         4
 Confusing Touch          Hex            8%         N/A       22%         3
 Volatile Blastmotes      Fire/Tloc      16%        2d11      22%         3
 Iskenderun's Mystic Bla  Conj/Tloc      15%        2d5       36%         4
 Dispel Undead            Necr           8%         3d8       56%         4


Dungeon Overview and Level Annotations

Branches:
Dungeon (8/15)             Temple (1/1) D:4
   Lair: D:8-11

Altars:
Ashenzari
Cheibriados
Dithmenos
Elyvilon
Fedhas
Hepliaklqana
Makhleb
Nemelex Xobeh
Okawaru
Qazlal
Ru
Sif Muna
Trog
Uskayaw
Vehumet
Wu Jian
Yredelemnul
Zin
The Shining One

Shops:
D:2 ((:?(


Innate Abilities, Weirdness & Mutations

You can breathe blasts of antimagic.
Your rich purple scales are hard. (AC +7)
You cannot fit into any form of body armour.
You are cold-blooded and may be slowed by cold attacks.


Message History

Okay, then.
You see here a scroll of noise.
You open the door.
An electric eel comes into view.
Found a halberd and a potion of magic.
Search for what [Enter for "aux", or ? for help]? jewe An electric eel is nearby!
There is an open door here.
The electric eel shoots out a bolt of lightning at you!
The bolt of electricity hits you!
Fumes of mercury billow through the air!
The electric eel looks weaker.
An electric eel comes into view.
The electric eel shoots out a bolt of lightning at you!
The bolt of electricity hits you!
Fumes of mercury billow around the electric eel!
The electric eel is poisoned.
The electric eel looks even weaker.
The electric eel shoots out a bolt of lightning at you!
The bolt of electricity hits you!
Fumes of mercury billow around the electric eel!
The electric eel looks even sicker.
The electric eel looks even weaker.
The electric eel shoots out a bolt of lightning at you!
The bolt of electricity hits you!
The electric eel shoots out a bolt of lightning at you!
The bolt of electricity misses you.
The electric eel shoots out a bolt of lightning at you!
The bolt of electricity hits you!
The electric eel shoots out a bolt of lightning at you!
The bolt of electricity hits you!
* * * LOW HITPOINT WARNING * * *
You are too injured to fight recklessly!
Okay, then.
You slash the electric eel! You tail-slap the electric eel.
You kill the electric eel!
Fedhas appreciates your contribution to the ecosystem.
You hear a splash.
The electric eel shoots out a bolt of lightning at you!
The bolt of electricity hits you!
You die...
Fedhas appreciates your contribution to the ecosystem.

#....# #....# #
#...!# .#
#####....###.###
#...'...)+......
#.###..........
#.###....≈≈S≈≈.
#........≈###≈
#####.##.##.@≈#
#..........#.≈#
####..##.#...≈≈≈
#..##.#.#......
#...?.....≈≈≈≈≈.≈
#.###.#.#.≈###≈.≈
#.# #.#.#.≈# ≈.≈
#.###.#.#.≈###≈.≈
#.........≈≈≈≈≈.≈


You could see an electric eel.

Vanquished Creatures
  Pikel (D:8)
  Eustachio (D:4)
  A steam dragon (D:7)
  A water moccasin (D:6)
  A sky beast (D:6)
  2 black bears
  5 ogres
  3 centaurs
  2 lemures (D:8)
  2 phantoms (D:5)
  Blork the orc (D:5)
  4 bullfrogs
  4 scorpions
  4 wights (D:6)
  An electric eel (D:8)
  A howler monkey (D:6)
  2 bombardier beetles
  A lava snake (D:7)
  A hound (D:6)
  3 jellies
  2 orc priests
  An iguana (D:5)
  Crazy Yiuf (D:3)
  Terence (D:2)
  Ijyb (D:3)
  An orc wizard (D:5)
  Robin (D:3)
  11 gnolls
  7 adders
  2 shadow imps
  2 ufetubi (D:6)
  2 dart slugs
  3 ribbon worms (D:2)
  7 orcs
  7 ball pythons
  5 bats
  6 endoplasms
  5 giant cockroaches
  16 goblins
  6 hobgoblins
  2 quokkas
  2 frilled lizards (D:1)
  A kobold (D:4)
  7 rats
140 creatures vanquished.

Vanquished Creatures (others)
  A sleepcap (D:6)
1 creature vanquished.

Grand Total: 141 creatures vanquished

Notes
Turn   | Place    | Note
-------+----------+-------------------------------------------
     0 | D:1      | senseless the Draconian Alchemist began the quest for the
                  | Orb.
     0 | D:1      | Reached XP level 1. HP: 14/14 MP: 3/3
   129 | D:1      | Reached XP level 2. HP: 20/20 MP: 1/5
   690 | D:1      | Learned a level 2 spell: Mercury Vapours
   725 | D:2      | Reached XP level 3. HP: 26/26 MP: 1/6
   863 | D:2      | Found Cuopp's Weapon Emporium.
   965 | D:2      | Found Fyudig's Book Shoppe.
   971 | D:2      | Noticed Terence
   983 | D:2      | Killed Terence
   984 | D:2      | Reached XP level 4. HP: 33/33 MP: 0/7
  1158 | D:2      | Found Xalieg's Magic Scroll Shop.
  1167 | D:2      | Bought a scroll of identify for 24 gold pieces
  1167 | D:2      | Bought a scroll of identify for 24 gold pieces
  1323 | D:2      | Found Faec Boy's Antique Weapon Shop.
  1399 | D:2      | Found Keeggo's Weapon Shoppe.
  1642 | D:3      | Learned a level 4 spell: Olgreb's Toxic Radiance
  1735 | D:3      | Noticed Ijyb
  1737 | D:3      | Killed Ijyb
  1833 | D:3      | Noticed Robin
  1836 | D:3      | Reached XP level 5. HP: 39/39 MP: 3/9
  1840 | D:3      | Killed Robin
  1841 | D:3      | Reached skill level 1 in Long Blades
  2363 | D:3      | Found a runed translucent door.
  2364 | D:3      | Noticed Crazy Yiuf
  2372 | D:3      | Killed Crazy Yiuf
  2373 | D:3      | Reached skill level 1 in Fighting
  2535 | D:4      | Noticed a centaur
  2545 | D:4      | Killed a centaur
  2546 | D:4      | Reached skill level 1 in Air Magic
  2546 | D:4      | Reached XP level 6. HP: 23/47 MP: 6/10
  2650 | D:4      | Noticed Eustachio
  2657 | D:4      | Killed Eustachio
  2985 | D:4      | Found a broken altar of Ashenzari.
  2986 | D:4      | Found a stormy altar of Qazlal.
  2997 | D:4      | Found a hazy altar of Hepliaklqana.
  2997 | D:4      | Found a radiant altar of Vehumet.
  3000 | D:4      | Found a glowing golden altar of the Shining One.
  3001 | D:4      | Found a shadowy altar of Dithmenos.
  3058 | D:4      | Your scales start taking on a rich purple colour.
  3058 | D:4      | Reached XP level 7. HP: 56/56 MP: 7/13
  3218 | D:4      | Found a staircase to the Ecumenical Temple.
  3225 | Temple   | Entered the Ecumenical Temple
  3252 | Temple   | Became a worshipper of Fedhas Madash
  3685 | D:5      | Entered Level 5 of the Dungeon
  3943 | D:5      | Reached XP level 8. HP: 50/63 MP: 15/15
  3947 | D:5      | Reached skill level 5 in Spellcasting
  4059 | D:5      | Noticed Blork the orc
  4064 | D:5      | Reached skill level 5 in Alchemy
  4067 | D:5      | Killed Blork the orc
  4148 | D:5      | Reached * piety under Fedhas
  5301 | D:6      | Reached XP level 9. HP: 67/71 MP: 17/17
  5467 | D:6      | Reached ** piety under Fedhas
  5582 | D:6      | Reached skill level 5 in Dodging
  5761 | D:6      | Learned a level 5 spell: Irradiate
  5802 | D:7      | Reached skill level 5 in Fighting
  6032 | D:7      | Identified the +7 spear of Eternal War {drain, *Rage Will+
                  | Str+4}
  6594 | D:8      | Noticed Pikel
  6618 | D:8      | Killed Pikel
  6619 | D:8      | Reached skill level 5 in Long Blades
  6709 | D:8      | Killed from afar by an electric eel

Illustrated notes

Levels and vault maps discovered:
D:1:      lightli_arrival_boilingwater, layout_basic
D:2:      layout_rooms, serial_shops, nicolae_shop_getting_attention, shop,
          shop, shop, nicolae_shop_crystal, nicolae_the_louvre, uniq_terence
D:3:      layout_basic, uniq_ijyb, uniq_crazy_yiuf_cottage, uniq_robin
D:4:      layout_basic, grunt_temple_overflow_open, temple_green, serial_forest,
          infiniplex_forest_clump_long, infiniplex_forest_clump_small,
          infiniplex_forest_straight_3, infiniplex_forest_lined_3,
          infiniplex_forest_straight_5, infiniplex_forest_lined_room_2,
          uniq_eustachio
D:5:      black_bear_nest_2, layout_rooms, corexii_leaking_fountain,
          dreamdust_princess_bridge, uniq_blork_the_orc
D:6:      layout_basic, dreamdust_gnoll_farm
D:7:      layout_basic, minmay_misc_feat_doors, kennysheep_opposing_triangles
D:8:      layout_basic, lemuel_doored_altar, serial_shops,
          nicolae_shop_hallway_plus, kennysheep_boxes, uniq_joseph, uniq_pikel
Temple:   cyrus_circular_temple

Skill      XL: |  1  2  3  4  5  6  7  8  9 |
---------------+----------------------------+-----
Stealth        | 2 |  2.4
Dodging        | 2 3 4 5 |  5.4
Conjurations   | 2 3 |  3.0
Long Blades    | 1 2 3 4 5 |  5.1
Fighting       | 1 2 3 4 5 |  5.6
Spellcasting   | 3 4 5 6 |  6.6
Air Magic      | 1 2 4 |  4.9
Alchemy        | 4 5 6 |  6.3

Action                     |  1- 3 |  4- 6 |  7- 9 || total
---------------------------+-------+-------+-------++-------
  Melee: Unarmed           |    10 |       |       ||    10
         Spear             |    41 |       |       ||    41
         Tailslap          |     3 |     3 |    13 ||    19
         Long sword        |       |    33 |   127 ||   160
  Throw: Dart              |       |       |     1 ||     1
   Cast: Sting             |    28 |    61 |    28 ||   117
         Mercury Vapours   |     2 |       |    88 ||    90
         Olgreb's Toxic Ra |       |     3 |     1 ||     4
Ability: Nullifying Breath |       |       |     5 ||     5
  Evoke: Wand              |       |       |     9 ||     9
    Use: Scroll            |       |     4 |     7 ||    11
   Stab: Sleeping          |       |       |     3 ||     3
 Armour: Skin              |    30 |    22 |    88 ||   140
  Dodge: Dodged            |    48 |    18 |    71 ||   137

Table legend: (Time is in decaauts)
 A = Elapsed time spent in this place.
 B = Non-inter-level travel time spent in this place.
 C = Inter-level travel time spent in this place.
 D = Time resting spent in this place.
 E = Time spent auto-exploring this place.
 F = Levels seen in this place.
 G = Mean time per level.
                   A        B        C        D        E       F      G
               +--------+--------+--------+--------+--------+-----+--------+
         Total |   6760 |   6588 |    172 |    237 |   5313 |   9 |  751.1 |
       Dungeon |   6724 |   6559 |    165 |    237 |   5313 |   8 |  840.5 |
        Temple |     35 |     28 |      7 |      0 |      0 |   1 |   35.0 |
               +--------+--------+--------+--------+--------+-----+--------+

Top non-repeatable levels by time:
     D:4: 1163 daAuts
     D:5: 1146 daAuts
     D:3: 973 daAuts
     D:6: 956 daAuts
     D:2: 841 daAuts
     D:7: 821 daAuts
     D:1: 698 daAuts
     D:8: 123 daAuts
  Temple: 35 daAuts
